 Dungeon Crawl Stone Soup version 0.28.0-53-g5a82cb258f (webtiles) character file.

Game seed: 13816220537374004925

46 Peloso the Covered (level 3, -5/33 HPs)
             Began as a Minotaur Fighter on June 28, 2022.
             Succumbed to a scorpion's poison
             ... on level 2 of the Dungeon.
             The game lasted 00:02:15 (1301 turns).

Peloso the Covered (Minotaur Fighter)               Turns: 1301, Time: 00:02:16

Health: -5/33      AC:  7    Str: 20    XL:     3   Next: 46%
Magic:  2/2        EV:  9    Int:  5    God:
Gold:   68         SH:  4    Dex: 11    Spells: 2/2 levels left

rFire   . . .      SeeInvis .   a - +0 long sword
rCold   . . .      Faith    .   c - +0 buckler
rNeg    . . .      Spirit   .   e - +0 scale mail
rPois   .          Reflect  .   (helmet restricted)
rElec   .          Harm     .   (no cloak)
rCorr   .          Rampage  .   (no gloves)
Will    .....                   (no boots)
Stlth   ..........              (no amulet)
HPRegen 0.11/turn               (no ring)
MPRegen 0.08/turn               (no ring)

@: lethally poisoned (-5 -> -25)
A: horns 2, retaliatory headbutt
a: no special abilities


You were on level 2 of the Dungeon.
You visited 1 branch of the dungeon, and saw 2 of its levels.

You collected 92 gold pieces.
You spent 24 gold pieces at shops.

Inventory:

Hand Weapons
 a - a +0 long sword (weapon)
 b - a +1 dagger of flaming
Armour
 c - a +0 buckler (worn)
 e - a +0 scale mail (worn)
Jewellery
 f - an amulet of faith
Scrolls
 h - a scroll of immolation
 j - 3 scrolls of noise
Potions
 d - a potion of might


   Skills:
 + Level 4.2 Fighting
 + Level 3.0 Long Blades
 + Level 4.3 Armour
 + Level 4.0 Shields


You had 2 spell levels left.
You didn't know any spells.
Your spell library was empty.

Dungeon Overview and Level Annotations

Branches:
Dungeon (2/15)

Altars:

Shops:
D:2 ?


Innate Abilities, Weirdness & Mutations

You have a pair of horns on your head.
You reflexively headbutt those who attack you in melee.


Message History

The ball python is severely wounded.
The ball python bites you but does no damage.
The ball python constricts you.
You hit the ball python.
You kill the ball python!
A scorpion comes into view.
A scorpion is nearby!
A scorpion is nearby!
Found an escape hatch in the ceiling.
You hit the scorpion but do no damage.
The scorpion stings you but does no damage. x2
You hit the scorpion but do no damage. The scorpion barely misses you.
You hit the scorpion but do no damage. You headbutt the scorpion.
The scorpion is moderately wounded.
The scorpion closely misses you. The scorpion stings you.
You are poisoned.
The scorpion poisons you!
You closely miss the scorpion.
The scorpion is moderately wounded.
You feel very sick. The scorpion stings you.
You are lethally poisoned!
The scorpion poisons you!
You closely miss the scorpion.
The scorpion is moderately wounded.
You feel very sick.
The scorpion stings you but does no damage.
You block the scorpion's attack.
You slash the scorpion!
The scorpion is almost dead.
* * * LOW HITPOINT WARNING * * *
You feel very sick. The scorpion stings you!
* * * LOW HITPOINT WARNING * * *
You are more poisoned.
The scorpion poisons you!
Okay, then.
You hit the scorpion.
You kill the scorpion!
You die...

...######## #.####..#.#
### ###.....#.######.##
##............#...###
#...##.#.####.......####
.......#.####.......#...
....##.#[##...........#
....................# #
..####..........@...#.#
........###.....†.....#
..#####.# #.#.......###
..# #.# #....#..### ..#
#.# #.##.#.>$.....
..#####.# #.#...........
........# #............<
........# ###..#........
........# #..##.......


There were no monsters in sight!

Vanquished Creatures
  A scorpion (D:2)
  An adder (D:2)
  A dart slug (D:2)
  4 ball pythons
  3 bats
  4 endoplasms
  6 goblins
  3 hobgoblins
  2 kobolds
  2 quokkas (D:1)
  3 frilled lizards
  2 rats (D:2)
32 creatures vanquished.

Vanquished Creatures (others)
  A fungus (D:1)
1 creature vanquished.

Grand Total: 33 creatures vanquished

Notes
Turn   | Place    | Note
-------+----------+-------------------------------------------
     0 | D:1      | Peloso the Minotaur Fighter began the quest for the Orb.
     0 | D:1      | Reached XP level 1. HP: 19/19 MP: 0/0
    73 | D:1      | Found a faded altar of an unknown god.
   170 | D:1      | Reached XP level 2. HP: 27/27 MP: 1/1
   723 | D:2      | Reached XP level 3. HP: 28/33 MP: 2/2
  1013 | D:2      | Found Ofavifu's Magic Scroll Shoppe.
  1023 | D:2      | Bought a scroll of identify for 24 gold pieces
  1288 | D:2      | Noticed a scorpion
  1300 | D:2      | HP: 1/33 [scorpion (8)]
  1301 | D:2      | Killed a scorpion
  1301 | D:2      | Succumbed to a scorpion's poison

Illustrated notes

Levels and vault maps discovered:
D:1:      dpeg_arrival_three_bigger_balls, layout_basic,
          shapermc_ecumenical_altar_acropolis
D:2:      layout_loops_cross, serial_shops, shop_scrolls, grunt_ministairs_10,
          nicolae_figureground_pulse

Skill      XL: |  1  2  3 |
---------------+----------+-----
Armour         | 4 |  4.3
Fighting       | 4 |  4.2
Long Blades    | 3 |  3.0
Shields        | 4 |  4.0

Action                   || total
-------------------------++-------
Melee: Long sword        ||    74
       Headbutt          ||     9
  Use: Potion            ||     3
       Scroll            ||     2
Armor: Scale mail        ||    35
Dodge: Dodged            ||    45
Block: Buckler           ||    14
